 Dungeon Crawl Stone Soup version 0.19.0-24-gb05acd6 (webtiles) character file.

187 patrickswayze the Sneak (level 5, -3/31 HPs)
             Began as a Deep Elf Chaos Knight on Nov 20, 2016.
             Slain by Grinder (4 damage)
             ... while paralysed by Grinder
             ... on level 3 of the Dungeon.
             The game lasted 00:02:47 (2245 turns).

patrickswayze the Sneak (Deep Elf Chaos Knight)     Turns: 2245, Time: 00:02:47

Health: -3/31      AC:  7    Str: 14    XL:     5   Next: 39%
Magic:  7/7        EV:  2    Int: 21    God:    Xom [*.....]
Gold:   88         SH:  0    Dex: 15    Spells: 0 memorised, 4 levels left

rFire  . . .     SeeInvis .     a - +0 short sword (chaos)
rCold  . . .     Gourm    .     b - +2 leather armour
rNeg   . . .     Faith    .     (no shield)
rPois  .         Spirit   .     g - +0 helmet
rElec  .         Reflect  .     (no cloak)
rCorr  .         Harm     .     m - +0 pair of gloves
MR     .....                    (no boots)
Stlth  +++.......               (no amulet)
                                (no ring)
                                h - +4 ring of intelligence

@: paralysed, mighty
A: no striking features
a: Renounce Religion


You were on level 3 of the Dungeon.
You worshipped Xom.
You were a special plaything of Xom.
You were not hungry.

You visited 1 branch of the dungeon, and saw 3 of its levels.

You collected 88 gold pieces.


   Skills:
 - Level 2.4 Fighting
 - Level 3.0 Short Blades
 - Level 0.7 Armour
 - Level 2.4 Dodging
 + Level 6.9 Stealth


You had 4 spell levels left.
You didn't know any spells.

Inventory:

Hand Weapons
 a - a +0 short sword of chaos (weapon)
 r - a +0 rapier
Armour
 b - a +2 leather armour (worn)
 g - a +0 helmet (worn)
 m - a +0 pair of gloves (worn)
Jewellery
 h - a +4 ring of intelligence (left hand)
Wands
 s - a wand of digging (7/24)
Scrolls
 j - a scroll of enchant armour {unknown}
 p - a scroll of noise {unknown}
Potions
 d - a potion of magic {unknown}
 e - 2 potions of cancellation
 i - 2 potions of heal wounds {unknown}
 n - a potion of curing {unknown}
 o - a potion of berserk rage {unknown}
Comestibles
 c - 2 bread rations
 l - 2 beef jerkies


Message History

Grinder gestures at you. Pain shoots through your body!
You closely miss Grinder.
Grinder is severely wounded.
Grinder gestures at you. You resist with significant effort.
You barely miss Grinder.
Grinder is severely wounded.
Grinder barely misses you.
All of the chunks of flesh in your inventory have rotted away.
You closely miss Grinder.
Grinder is severely wounded.
Grinder gestures at you.
You suddenly lose the ability to move!
Grinder hits you but does no damage. Grinder hits you!
* * * LOW HITPOINT WARNING * * *
You writhe in agony.
You die...
Xom cackles wildly!

#.# #########.#
#.........#
########.####.##.#
##...)............####
.....................#
.........>##...#.#...###
.#.##.#.#...............
.......@####............
.#.#...5.............#.#
# ##...................
............(.......#
.##.........%<.......#
.. #.#.....#......#.#..
. #.#.................
.[.............#.#.#
.#.###.###.......


You could see Grinder.

Vanquished Creatures
  A boggart (shapeshifter) (D:3)
  Jessica (D:2)
  3 adders (D:2)
  2 worms (D:2)
  2 dart slugs (D:1)
  2 giant cockroaches
  8 goblins
  7 hobgoblins
  4 jackals
  A quokka (D:2)
  A ball python (D:1)
  4 bats
  A frilled lizard (D:2)
  5 kobolds
  4 rats
46 creatures vanquished.

Notes
Turn   | Place    | Note
-------+----------+-------------------------------------------
     0 | D:1      | patrickswayze the Deep Elf Chaos Knight began the quest for the Orb.
     0 | D:1      | Reached XP level 1. HP: 13/13 MP: 3/3
    30 | D:1      | Reached skill level 1 in Stealth
   111 | D:1      | Reached skill level 2 in Stealth
   172 | D:1      | Reached XP level 2. HP: 18/18 MP: 4/4
   278 | D:1      | XOM: cast spell 'Statue Form'
   300 | D:1      | XOM: god gift: robe {god gift}
   314 | D:1      | XOM: god gift: great sword {god gift}
   345 | D:1      | Reached skill level 3 in Stealth
   458 | D:1      | XOM: noise
   476 | D:1      | XOM: mild Chrm miscast
  1008 | D:2      | Reached XP level 3. HP: 19/22 MP: 5/5
  1126 | D:2      | Reached skill level 4 in Stealth
  1460 | D:2      | Noticed Jessica
  1462 | D:2      | Killed Jessica
  1462 | D:2      | Reached XP level 4. HP: 22/27 MP: 6/6
  1469 | D:2      | Reached skill level 5 in Stealth
  1570 | D:2      | XOM: divination: detect items
  1945 | D:2      | XOM: divination: magic mapping
  2192 | D:3      | Noticed a boggart
  2192 | D:3      | an iguana changed into a boggart
  2199 | D:3      | Killed a boggart
  2199 | D:3      | Reached skill level 6 in Stealth
  2199 | D:3      | Reached XP level 5. HP: 27/31 MP: 7/7
  2227 | D:3      | Noticed Grinder
  2243 | D:3      | Paralysed by Grinder for 4 turns
  2245 | D:3      | HP: 1/31 [Grinder (8)]
  2245 | D:3      | Slain by Grinder

Vault maps used:
D:1:      shiori_arrival_maze, minmay_crystal_room
D:2:      corexii_corridor_pit, uniq_jessica
D:3:      serial_glass, glass_columns_a, glass_columns_a, uniq_grinder

Action                   |  1- 3 |  4- 6 || total
-------------------------+-------+-------++-------
Melee: Short sword       |    84 |    81 ||   165
  Use: Scroll            |     2 |     2 ||     4
       Potion            |       |     1 ||     1
 Stab: Sleeping          |     5 |     3 ||     8
  Eat: Chunk             |     1 |     3 ||     4
Armor: Leather armour    |    18 |    23 ||    41
Dodge: Dodged            |    39 |    46 ||    85
